 Dungeon Crawl Stone Soup version 0.30-a0-385-gfebfb9b408 (webtiles) character file.

Game seed: 10284117849585266980

2588 bande the Chopper (level 9, -14/55 HPs)
             Began as a Gargoyle Fighter on Dec 2, 2022.
             Was an Initiate of Okawaru.
             Demolished by a death yak (18 damage)
             ... on level 7 of the Dungeon.
             The game lasted 00:13:15 (7250 turns).

bande the Chopper (Gargoyle Fighter)                Turns: 7250, Time: 00:13:16

Health: -14/55     AC: 20    Str: 20    XL:     9   Next: 58%
Magic:  10/10      EV:  3    Int:  9    God:    Okawaru [......]
Gold:   549        SH: 15    Dex: 13    Spells: 8/8 levels left

rFire   . . .      SeeInvis .    a - +1 war axe
rCold   + . .      Faith    +    n - +1 tower shield
rNeg    + . .      Spirit   .    f - +0 plate armour
rPois   ∞          Reflect  .    c - +0 helmet
rElec   +          Harm     .    (no cloak)
rCorr   .          Rampage  .    (no gloves)
Will    ++...                    (no boots)
Stlth   ..........               l - amulet "Zuduj" {Faith Slay+3}
HPRegen 0.29/turn                e - ring of protection from cold
MPRegen 0.12/turn                s - ring of willpower

@: no status effects
A: sickness immunity, AC +6, negative energy resistance 1, electricity
resistance, torment resistance 1, petrification resistance, strong-willed 1,
sense surroundings 1
a: Renounce Religion


You were on level 7 of the Dungeon.
You worshipped Okawaru.
Okawaru was noncommittal.
You visited 2 branches of the dungeon, and saw 9 of its levels.
You also visited: Sewer and Ossuary.

You collected 549 gold pieces.

Inventory:

Hand Weapons
 a - a +1 war axe (weapon)
 i - a +0 war axe
 B - a +0 flail
Armour
 c - a +0 helmet (worn)
 f - a +0 plate armour (worn)
 n - a +1 tower shield (worn)
 r - the +2 ring mail "Meod" {rElec rC++ rN+ Will+}
   (You found it in a sewer)

   rC:        It greatly protects you from cold.
   rElec:     It insulates you from electricity.
   rN:        It protects you from negative energy.
   Will:      It increases your willpower.
Jewellery
 e - a ring of protection from cold (left hand)
 l - the amulet "Zuduj" (around neck) {Faith Slay+3}
   (You found it on level 3 of the Dungeon)

   [amulet of faith]

   It allows you to gain divine favour quickly.
   Slay:      It affects your accuracy & damage with ranged weapons and melee
   (+3).
 s - a ring of willpower (right hand)
Wands
 b - a wand of flame (21)
 y - a wand of paralysis (5)
 A - a wand of quicksilver (6)
 C - a wand of roots (11)
Scrolls
 g - 3 scrolls of enchant armour
 m - a scroll of enchant weapon
 q - a scroll of identify
 t - 3 scrolls of teleportation
 D - a scroll of fear {unknown}
Potions
 d - 3 potions of might
 h - 2 potions of invisibility
 j - 2 potions of berserk rage
 k - 2 potions of heal wounds
 o - 3 potions of brilliance
 p - 2 potions of mutation
 u - 3 potions of curing
 v - a potion of lignification {unknown}
 w - 2 potions of haste {unknown}
 x - 2 potions of flight {unknown}
 z - a potion of ambrosia {unknown}


   Skills:
 + Level 5.8 Fighting
 + Level 7.3 Axes
 + Level 5.7 Armour
 - Level 0.7 Stealth
 + Level 7.1 Shields
 * Level 1.4 Invocations
 * Level 4.4 Evocations


You had 8 spell levels left.
You didn't know any spells.
Your spell library contained the following spells:

 Spells                   Type           Power      Damage    Failure   Level
 Beastly Appendage        Tmut           0%         N/A       100%        1
 Static Discharge         Conj/Air       0%         2-2/arc   100%        2
 Wereblood                Tmut           0%         N/A       100%        2
 Portal Projectile        Hex/Tloc       0%         N/A       100%        3
 Spider Form              Tmut/Pois      0%         N/A       100%        3
 Vhi's Electric Charge    Tloc/Air       0%         N/A       100%        3
 Leda's Liquefaction      Hex/Erth       0%         N/A       100%        4
 Arcjolt                  Conj/Air       0%         1d10      100%        5
 Lightning Bolt           Conj/Air       0%         1d11      100%        5
 Call Canine Familiar     Summ           Unusable   N/A       N/A         3

Dungeon Overview and Level Annotations

Branches:
Dungeon (8/15)             Temple (1/1) D:5            Lair (0/5) D:8
  Sewer (visited)         Ossuary (visited)

Altars:
Ashenzari
Cheibriados
Dithmenos
Elyvilon
Fedhas
Gozag
Hepliaklqana
Kikubaaqudgha
Makhleb
Nemelex Xobeh
Okawaru
Qazlal
Ru
Sif Muna
Uskayaw
Vehumet
Wu Jian
Xom
Yredelemnul
Zin
The Shining One

Shops:
D:1 =   D:5 *


Innate Abilities, Weirdness & Mutations

You are immune to sickness and miasma.
Your stone body is resilient. (AC +6)
You are immune to poison.
You resist negative energy. (rN+)
You are resistant to electric shocks. (rElec)
You are resistant to unholy torment.
You are immune to petrification.
You are strong-willed. (Will+)
You passively map a small area around you.


Message History

The death yak is lightly wounded.
The death yak gores you but does no damage.
You hit the death yak.
The death yak is lightly wounded.
The death yak barely misses you. x2
You hit the death yak.
The death yak is lightly wounded.
You block the death yak's attack.
You barely miss the death yak.
The death yak is lightly wounded.
The death yak gores you but does no damage.
You hit the death yak.
The death yak is lightly wounded.
You block the death yak's attack. The death yak gores you!
* * * LOW HITPOINT WARNING * * *
You hit the death yak.
The death yak is lightly wounded.
You block the death yak's attack.
The death yak gores you but does no damage.
You slash the death yak!
The death yak is moderately wounded.
The death yak gores you.
* * * LOW HITPOINT WARNING * * *
You hit the death yak but do no damage.
The death yak is lightly wounded.
The death yak gores you.
* * * LOW HITPOINT WARNING * * *
The death yak gores you.
* * * LOW HITPOINT WARNING * * *
You slash the death yak!
The death yak is moderately wounded.
The death yak gores you!
* * * LOW HITPOINT WARNING * * *
You barely miss the death yak.
The death yak is moderately wounded.
The death yak gores you but does no damage.
You slice the death yak!!
The death yak is heavily wounded.
The death yak gores you!!
You die...

#####.#..........#....#......#...
#####.##.....#####....'......#...
....+..#.....#>..#...##..##..#...
...#######...#...'...##..#####.>.
(..#..8..#...'..(#....#..#.....##
...#.8_8.#...#..##...##..'.....#.
#..#..8..#...#..##########.....#.
####≈≈.≈≈#...#...'...##..#.....#.
...#g≈.≈g#...'..@#...#...#.....#.
...#≈≈.≈≈#...#.Y##...#...'.....#.
...#.........#..##...#...#.....#.
#..#.........#..#######'##.....##
#..#.........#..#................
#............#..#................
#..#.........####................
#..#.........#..#................
#..#.....##'##..#................


You could see a death yak.

Vanquished Creatures
  A wyvern (D:7)
  Menkaure (D:4)
  2 water moccasins
  3 ice beasts
  2 black bears
  An ogre (D:5)
  4 necrophages
  3 bullfrogs
  3 scorpions
  A wight (D:5)
  2 bullfrog zombies (D:5)
  A centaur zombie (D:5)
  A jelly (D:6)
  3 orc priests (D:7)
  A human zombie (D:5)
  3 hounds
  2 scorpion zombies (D:5)
  2 iguanas
  2 orc wizards (D:4)
  A killer bee zombie (D:5)
  9 mummies
  2 howler monkey zombies (D:5)
  Robin (D:2)
  3 gnolls (D:7)
  6 adders
  A river rat (D:5)
  A white imp (D:6)
  2 ufetubi
  3 worms
  20 orcs
  5 ball pythons
  8 bats
  8 endoplasms
  2 giant cockroaches
  13 goblins
  6 hobgoblins
  9 jackals
  4 quokkas
  6 frilled lizards
  2 gnoll zombies (Ossuary)
  A hobgoblin zombie (Ossuary)
  3 kobolds
  2 kobold zombies (Ossuary)
  3 orc zombies (Ossuary)
  9 rats
  A butterfly (D:5)
169 creatures vanquished.

Vanquished Creatures (others)
  37 plants
37 creatures vanquished.

Grand Total: 206 creatures vanquished

Notes
Turn   | Place    | Note
-------+----------+-------------------------------------------
     0 | D:1      | bande the Gargoyle Fighter began the quest for the Orb.
     0 | D:1      | Reached XP level 1. HP: 14/14 MP: 1/1
   128 | D:1      | Reached XP level 2. HP: 16/19 MP: 2/2
   144 | D:1      | Found Godeal's Jewellery Boutique.
   358 | D:1      | Found a faded altar of an unknown god.
   391 | D:1      | Reached XP level 3. HP: 23/24 MP: 3/3
  1696 | D:2      | Noticed Robin
  1698 | D:2      | Reached XP level 4. HP: 28/29 MP: 4/4
  1707 | D:2      | Killed Robin
  2301 | D:3      | Reached XP level 5. HP: 33/33 MP: 5/5
  2404 | D:3      | Identified the amulet "Zuduj" {Faith Slay+3}
  2786 | D:4      | Noticed an ice beast
  2797 | D:4      | Killed an ice beast
  2798 | D:4      | Reached XP level 6. HP: 32/38 MP: 6/6
  2922 | D:4      | Noticed a black bear
  2928 | D:4      | Killed a black bear
  2929 | D:4      | Reached skill level 1 in Evocations
  3243 | D:4      | Noticed Menkaure
  3252 | D:4      | Killed Menkaure
  3253 | D:4      | Reached XP level 7. HP: 30/44 MP: 7/7
  3315 | D:4      | Reached skill level 5 in Shields
  3473 | D:4      | Identified the +1 robe of Nobywual {rElec Regen+ Dex+2}
  3581 | D:5      | Entered Level 5 of the Dungeon
  3603 | D:5      | Found a glowing drain.
  3620 | Sewer    | Entered a sewer
  3727 | Sewer    | Identified the +2 ring mail "Meod" {rElec rC++ rN+ Will+}
  3833 | D:5      | Reached skill level 5 in Axes
  3976 | D:5      | Found a broken altar of Ashenzari.
  3985 | D:5      | Found a hide-covered altar of Uskayaw.
  3985 | D:5      | Found a glowing silver altar of Zin.
  4064 | D:5      | Found a staircase to the Ecumenical Temple.
  4065 | D:5      | Found a burning altar of Makhleb.
  4074 | Temple   | Entered the Ecumenical Temple
  4074 | Temple   | Found a transporter.
  4074 | Temple   | Found a transporter.
  4076 | Temple   | Found a transporter.
  4076 | Temple   | Found a transporter.
  4185 | D:5      | Reached XP level 8. HP: 40/48 MP: 8/8
  4374 | D:5      | Found a basalt altar of Yredelemnul.
  4405 | D:5      | Reached skill level 5 in Fighting
  4416 | D:5      | Reached skill level 5 in Armour
  4851 | D:5      | Found Owebiele's Lightly-Used Armoury.
  5026 | D:5      | Found a sparkling altar of Nemelex Xobeh.
  5029 | D:5      | Found a white marble altar of Elyvilon.
  5233 | D:6      | Found a sand-covered staircase.
  5242 | Ossuary  | Entered an ossuary
  5612 | D:6      | Reached XP level 9. HP: 51/54 MP: 9/9
  6244 | D:7      | Gained mutation: You passively map a small area around you.
                  | [potion of mutation]
  6244 | D:7      | Gained mutation: You are strong-willed. (Will+) [potion of
                  | mutation]
  6324 | D:7      | Found an iron altar of Okawaru.
  6333 | D:7      | Became a worshipper of Warmaster Okawaru
  6479 | D:7      | Reached skill level 1 in Invocations
  7223 | D:8      | Noticed a death yak
  7224 | D:8      | Found a staircase to the Lair.
  7224 | D:8      | Noticed a death yak
  7224 | D:8      | Noticed a death yak
  7250 | D:7      | Demolished by a death yak

Illustrated notes

Levels and vault maps discovered:
D:1:      lightli_molten_gateway, layout_basic,
          dilly_ecumenical_altar_fadedgnrine, serial_shops, shop,
          corexii_item_surrounded_by_moat
D:2:      layout_basic, uniq_robin
D:3:      layout_rooms, chequers_serial_rivers_small_b
D:4:      cheibrodos_old_hovel, layout_loops_ring, palyth_stone_intersect,
          hex_medium, kennysheep_generic_room_11, uniq_menkaure
D:5:      layout_loops_corners, lemuel_mausoleum_altar_yredelemnul,
          nicolae_overflow_hidden_temple, minitemple, lemuel_crystal_altar,
          minmay_temple_entry_butterflies, portal_sewer_entry_b, serial_bayou,
          serial_bayou_pond_e, serial_bayou_lagoon_a, serial_bayou_crossing,
          serial_bayou_pond_b, minmay_shop_damaged
D:6:      layout_rooms, nicolae_ossuary_entry_monument, kennysheep_cross_room,
          kennysheep_path_1, minmay_misc_feat_alley, hangedman_decor_push
D:7:      layout_gridville, kennysheep_okawaru_gauntlet, minmay_manual_mullet
D:8:      layout_rooms, dpeg_lair_monsters, ebering_ghost_rock_garden,
          ebering_dispersal_statue_hall, corner_web_ring, the_hattery,
          uniq_psyche
Temple:   hellmonk_temple_divided_pantheon

Skill      XL: |  1  2  3  4  5  6  7  8  9 |
---------------+----------------------------+-----
Axes           | 2 3 4 5 6 7 |  7.3
Fighting       | 4 5 |  5.8
Shields        | 4 5 6 7 |  7.1
Armour         | 4 5 |  5.7
Evocations     | 1 2 3 4 |  4.4
Invocations    | 1 |  1.4
Stealth        | |  0.7

Action                   |  1- 3 |  4- 6 |  7- 9 || total
-------------------------+-------+-------+-------++-------
Melee: War axe           |    99 |   107 |   299 ||   505
  Use: Scroll            |     7 |     4 |     6 ||    17
       Potion            |     2 |       |     2 ||     4
Armor: Scale mail        |    10 |       |       ||    10
       Plate armour      |    73 |   120 |   240 ||   433
Dodge: Dodged            |    21 |     7 |    34 ||    62
Block: Buckler           |    29 |       |       ||    29
       Tower shield      |     2 |   106 |   309 ||   417

Table legend: (Time is in decaauts)
 A = Elapsed time spent in this place.
 B = Non-inter-level travel time spent in this place.
 C = Inter-level travel time spent in this place.
 D = Time resting spent in this place.
 E = Time spent auto-exploring this place.
 F = Levels seen in this place.
 G = Mean time per level.
                   A        B        C        D        E       F      G
               +--------+--------+--------+--------+--------+-----+--------+
         Total |   7594 |   7497 |     97 |    804 |   4861 |  11 |  690.4 |
       Dungeon |   7162 |   7065 |     97 |    804 |   4644 |   8 |  895.2 |
        Temple |     53 |     53 |      0 |      0 |      7 |   1 |   53.0 |
         Sewer |    165 |    165 |      0 |      0 |    103 |   1 |  165.0 |
       Ossuary |    212 |    212 |      0 |      0 |    107 |   1 |  212.0 |
               +--------+--------+--------+--------+--------+-----+--------+

Top non-repeatable levels by time:
     D:5: 1490 daAuts
     D:2: 1306 daAuts
     D:4: 1050 daAuts
     D:7: 1048 daAuts
     D:6: 900 daAuts
     D:1: 887 daAuts
     D:3: 464 daAuts
 Ossuary: 212 daAuts
   Sewer: 165 daAuts
  Temple: 53 daAuts
     D:8: 15 daAuts
